 Dungeon Crawl Stone Soup version 0.23.0 (webtiles) character file.

Game seed: 10399103652863333312

173 Lanoc the Skirmisher (level 5, -1/37 HPs)
             Began as a Demonspawn Chaos Knight on Feb 10, 2019.
             Was a Plaything of Xom.
             Killed by nerve-wracking pain
             ... invoked by an orc priest
              (4 damage)
             ... on level 4 of the Dungeon.
             The game lasted 00:05:24 (2355 turns).

Lanoc the Skirmisher (Demonspawn Chaos Knight)      Turns: 2355, Time: 00:05:25

Health: -1/37      AC:  5    Str: 10 (11) XL:     5   Next: 28%
Magic:  0/5        EV: 20    Int: 14 (15) God:    Xom [......]
Gold:   169        SH:  0    Dex: 19 (22) Spells: 4/4 levels left

rFire    + . .     SeeInvis .   a - +0 falchion (chaos)
rCold    + . .     Gourm    .   (no shield)
rNeg     . . .     Faith    .   b - +2 leather armour
rPois    +         Spirit   +   (helmet restricted)
rElec    +         Reflect  .   (no cloak)
rCorr    +         Harm     .   (no gloves)
MR       .....                  (no boots)
Stlth    ++........             (no amulet)
HPRegen  0.12/turn              f - +3 ring of evasion
MPRegen  0.09/turn              i - +4 ring of dexterity

@: agile, resistant, drained
A: antennae 1, molten scales 1, clever 1, deformed body, frail 1, high mp 1,
weak 1, magic shield
a: Renounce Religion


You were on level 4 of the Dungeon.
You worshipped Xom.
You were a very special plaything of Xom.
You were hungry.

You visited 1 branch of the dungeon, and saw 4 of its levels.

You collected 169 gold pieces.

Inventory:

Hand Weapons
 a - a +0 falchion of chaos (weapon)
Armour
 b - a +2 leather armour (worn)
Jewellery
 f - a +3 ring of evasion (left hand)
 i - a +4 ring of dexterity (right hand)
Scrolls
 d - 3 scrolls of teleportation {unknown}
 e - 2 scrolls of remove curse {unknown}
 h - 2 scrolls of identify {unknown}
 k - 3 scrolls of enchant weapon {unknown}
 o - 3 scrolls of fog {unknown}
 p - a scroll of immolation {unknown}
Potions
 q - a potion of haste
Comestibles
 c - 9 rations


   Skills:
 + Level 3.9(3.0) Fighting
 * Level 3.6(2.8) Long Blades
 + Level 2.9(2.0) Armour
 + Level 2.3(1.5) Dodging


You had 4 spell levels left.
You didn't know any spells.
Your spell library was empty.

Dungeon Overview and Level Annotations

Branches:
Dungeon (4/15)
 Temple: D:4-7

Altars:
Ru


Innate Abilities, Weirdness & Mutations

You have a pair of small antennae on your head.
You are partially covered in molten scales. (AC +2)
When hurt, damage is shared between your health and your magic reserves.
Your mind is acute. (Int +2)
Armour fits poorly on your strangely shaped body.
You are frail. (-10% HP)
You have an increased reservoir of magic. (+10% MP)
You are weak. (Str -2)


Message History

It was a potion of agility.
You feel agile all of a sudden.
Xom roars with laughter!
Something closely misses you.
It was a potion of degeneration.
There was something very wrong with that liquid.
You feel weakened.
You feel dopey.
You feel clumsy. Something hits you but does no damage.
It was a potion of resistance.
You feel protected.
The orc shouts!
The orc priest misses you. Something hits you!
* * * LOW HITPOINT WARNING * * *
You hit the orc priest but do no damage.
The orc priest misses you.
You riposte.
You barely miss the orc priest. Something completely misses you.
The orc priest mumbles some strange prayers to Beogh against you.
Pain shoots through your body!
You die...
Xom titters!

.^.... .. ..
...... .##......
#.... ..#......
#.o..# ##.........
....##...# .....
..#
#.......#......
....#..o..# #...#
##....@{.##?..#
.........)#...#
.........)<)..#
........####.....#
........# .....#
........# ###.##
........# ##
........# ......#


You could see an orc priest and an orc.

Vanquished Creatures
  A howler monkey (D:3)
  An orc wizard (D:4)
  3 adders
  An ooze (D:2)
  A worm (D:2)
  A dart slug (D:1)
  3 leopard geckos
  8 orcs
  8 bats
  2 giant cockroaches
  3 goblins
  9 hobgoblins
  11 kobolds
  A quokka (D:2)
  6 frilled lizards
  A leopard gecko skeleton (D:3)
  6 rats
66 creatures vanquished.

Vanquished Creatures (collateral kills)
  A bat (D:1)
1 creature vanquished.

Vanquished Creatures (others)
  A quokka (D:2)
1 creature vanquished.

Grand Total: 68 creatures vanquished

Notes
Turn   | Place    | Note
-------+----------+-------------------------------------------
     0 | D:1      | Lanoc the Demonspawn Chaos Knight began the quest for the
                  | Orb.
     0 | D:1      | Reached XP level 1. HP: 18/18 MP: 1/1
    37 | D:1      | Reached skill level 1 in Dodging
    46 | D:1      | XOM: potion effect (haste)
   105 | D:1      | XOM: harmless Hex miscast
   277 | D:1      | Gained mutation: You have a pair of small antennae on your
                  | head. [demonic ancestry]
   277 | D:1      | Reached XP level 2. HP: 24/24 MP: 2/2
   313 | D:1      | XOM: summons 2 friendly demons
   593 | D:1      | Gained mutation: You are partially covered in molten
                  | scales. (AC +2) [demonic ancestry]
   593 | D:1      | Reached XP level 3. HP: 29/29 MP: 3/3
   632 | D:1      | XOM: silly message
   769 | D:2      | XOM: torment (16/29 hp)
   773 | D:2      | Found a sacrificial altar of Ru.
   773 | D:2      | XOM: 2-stop teleportation journey
  1433 | D:2      | XOM: mild Necr miscast
  1443 | D:2      | XOM: summons 1 hostile shadow creature
  1608 | D:3      | Gained mutation: When hurt, damage is shared between your
                  | health and your magic reserves. [demonic ancestry]
  1608 | D:3      | Reached XP level 4. HP: 26/35 MP: 4/4
  1836 | D:3      | XOM: blink monster(s)
  1869 | D:3      | XOM: butterfly on damage
  2231 | D:3      | Noticed a shapeshifter
  2231 | D:3      | Noticed a salamander
  2231 | D:3      | a shapeshifter changed into a salamander
  2232 | D:3      | Gained mutation: Your mind is acute. (Int +2) [potion of
                  | mutation]
  2232 | D:3      | Gained mutation: You have an increased reservoir of magic.
                  | (+10% MP) [potion of mutation]
  2299 | D:4      | XOM: blink monster(s)
  2311 | D:4      | Reached XP level 5. HP: 24/42 MP: 2/5
  2316 | D:4      | XOM: give mutations
  2316 | D:4      | Gained mutation: Armour fits poorly on your strangely
                  | shaped body. [Xom's mischief]
  2316 | D:4      | Gained mutation: You are weak. (Str -2) [Xom's mischief]
  2316 | D:4      | Gained mutation: You are frail. (-10% HP) [Xom's mischief]
  2342 | D:4      | XOM: confusion
  2355 | D:4      | Killed from afar by an orc priest

Skill      XL: |  1  2  3  4 |
---------------+-------------+-----
Dodging        | 1 2 |  2.3
Armour         | 2 |  2.9
Long Blades    | 3 |  3.6
Fighting       | |  3.9

Action                   |  1- 3 |  4- 6 || total
-------------------------+-------+-------++-------
Melee: Falchion          |   128 |    75 ||   203
  Use: Potion            |       |     9 ||     9
 Stab: Sleeping          |     1 |     1 ||     2
  Eat: Chunk             |     2 |     2 ||     4
Armor: Leather armour    |    36 |    37 ||    73
Dodge: Dodged            |   103 |    97 ||   200
       Rpst.: Falchion   |    28 |    22 ||    50
